 Dungeon Crawl Stone Soup version 0.31-a0-690-g7ce4588941 (webtiles) character file.

Game seed: 17973429326233488565

261 AdnanSaban the Covered (level 6, -2/38 HPs)
             Began as a Gargoyle Fighter on Sept 6, 2023.
             Slain by an ogre
             ... wielding a +0 giant club
              (11 damage)
             ... on level 5 of the Dungeon.
             The game lasted 00:04:00 (3066 turns).

AdnanSaban the Covered (Gargoyle Fighter)           Turns: 3066, Time: 00:04:00

Health: -2/38      AC: 17    Str: 22    XL:     6   Next: 18%
Magic:  6/6        EV:  8    Int:  8    God:
Gold:   172        SH:  4    Dex:  9    Spells: 5/5 levels left

rFire   . . .        a - +0 flail
rCold   . . .        c - +0 buckler
rNeg    + . .        i - +0 chain mail
rPois   ∞            l - +2 helmet
rElec   +            (no cloak)
rCorr   .            (no gloves)
SInv    .            (no boots)
Will    .....        (no amulet) Stlth
                     (no ring)
HPRegen 0.26/turn    (no ring)
MPRegen 0.10/turn

%: no passive effects
@: no status effects
A: sickness immunity, AC +4, negative energy resistance 1, electricity
resistance, torment resistance 1, petrification resistance
a: no special abilities


You were on level 5 of the Dungeon.
You visited 1 branch of the dungeon, and saw 5 of its levels.

You collected 172 gold pieces.

Inventory:

Hand Weapons
 a - a +0 flail (weapon)
Missiles
 o - 9 atropa-tipped darts
 q - 10 poisoned darts
Armour
 c - a +0 buckler (worn)
 i - a +0 chain mail (worn)
 l - a +2 helmet (worn)
Jewellery
 r - a ring of ice
Scrolls
 b - 2 scrolls of enchant weapon {unknown}
 h - a scroll of amnesia {unknown}
 k - 2 scrolls of teleportation {unknown}
 n - a scroll of vulnerability {unknown}
Potions
 d - a potion of might
 e - a potion of degeneration {unknown}
 f - a potion of lignification {unknown}
 g - 2 potions of brilliance {unknown}
 j - a potion of mutation {unknown}
 m - a potion of invisibility {unknown}
 p - a potion of resistance {unknown}
 s - a potion of haste {unknown}
 t - a potion of heal wounds {unknown}


   Skills:
 + Level 4.2 Fighting
 + Level 4.2 Maces & Flails
 + Level 4.6 Armour
 + Level 1.1 Dodging
 + Level 0.2 Stealth
 + Level 3.9 Shields


You had 5 spell levels left.
You didn't know any spells.
Your spell library contained the following spells:

 Spells                   Type           Power      Damage    Failure   Level
 Wereblood                Tmut           0%         N/A       99%         2
 Call Canine Familiar     Summ           0%         N/A       100%        3
 Inner Flame              Hex/Fire       0%         N/A       100%        3
 Portal Projectile        Hex/Tloc       0%         N/A       100%        3
 Leda's Liquefaction      Hex/Erth       0%         N/A       100%        4
 Manifold Assault         Tloc           0%         N/A       100%        4
 Yara's Violent Unravell  Hex/Tmut       0%         3d3       100%        5
 Dispersal                Tloc           0%         N/A       100%        6
 Enfeeble                 Hex            0%         N/A       100%        7
 Summon Hydra             Summ           0%         N/A       100%        7
 Disjunction              Tloc           0%         N/A       100%        8
 Sublimation of Blood     Necr           Unusable   N/A       N/A         2

Dungeon Overview and Level Annotations

Branches:
Dungeon (5/15)
 Temple: D:4-7

Altars:

Annotations:
D:2 1 runed translucent door, Crazy Yiuf


Innate Abilities, Weirdness & Mutations

You are immune to sickness and miasma.
Your stone body is resilient. (AC +4)
You are immune to poison.
You resist negative energy. (rN+)
You are resistant to electric shocks. (rElec)
You are resistant to unholy torment.
You are immune to petrification.


Message History

You are too injured to fight recklessly!
You are too injured to fight recklessly!
You are too injured to fight recklessly!
You are too injured to fight recklessly!
You are too injured to fight recklessly!
You are too injured to fight recklessly!
You are too injured to fight recklessly!
You are too injured to fight recklessly!
The orc priest calls down the wrath of Beogh upon you.
Beogh smites you!
* * * LOW HITPOINT WARNING * * *
The adder barely misses you.
The orc priest miscasts a cantrip.
The adder attacks as it pursues you! The adder bites you but does no damage.
The adder attacks as it pursues you! The adder bites you but does no damage.
There is a stone staircase leading down here.
The adder bites you but does no damage. The adder closely misses you.
You climb downwards.
You hear the hiss of flowing sand.
There is an entrance to an ossuary on this level.
Hurry and find it before the portal is buried!
The ogre shouts!
Found 13 gold pieces.
There is a stone staircase leading up here.
The adder bites you but does no damage.
An ogre comes into view. It is wielding a +0 giant club.
The ogre shouts!
The adder attacks as it pursues you! The adder barely misses you.
You miss the adder. The adder barely misses you.
A scorpion comes into view.
The adder barely misses you.
You miss the adder. You block the adder's attack. The ogre barely misses you.
You barely miss the adder.
The adder bites you but does no damage. x2
The ogre misses you.
You hit the adder.
The adder is moderately wounded.
The adder bites you but does no damage.
You sock the adder!
You kill the adder!
The ogre hits you with a +0 giant club!
You die...

. .## ..#
#.# #.#
.###.# #s#
..... #O#
....# . #@#
....#.# #.#
......# #O#
.....#
#.###.....##
#...<.......
#####.$..###
....# ....#
#####


You could see 2 ogres and a scorpion.

Vanquished Creatures
  2 hounds (D:4)
  Jessica (D:2)
  Terence (D:2)
  4 gnolls
  7 adders
  3 dart slugs
  A worm (D:2)
  3 orcs
  6 endoplasms
  2 goblins
  4 hobgoblins
  7 jackals
  A quokka (D:2)
  2 ball pythons
  4 bats
  2 frilled lizards
  6 kobolds
  A rat (D:2)
57 creatures vanquished.

Notes
Turn   | Place    | Note
-------+----------+-------------------------------------------
     0 | D:1      | AdnanSaban the Gargoyle Fighter began the quest for the
                  | Orb.
     0 | D:1      | Reached XP level 1. HP: 14/14 MP: 1/1
   467 | D:1      | Reached XP level 2. HP: 4/19 MP: 2/2
  1186 | D:2      | Noticed Jessica
  1213 | D:2      | Killed Jessica
  1214 | D:2      | Reached XP level 3. HP: 20/24 MP: 3/3
  1284 | D:2      | Reached skill level 1 in Dodging
  1284 | D:2      | Reached XP level 4. HP: 26/29 MP: 4/4
  1607 | D:2      | Found a runed translucent door.
  1608 | D:2      | Noticed Crazy Yiuf
  1900 | D:2      | Noticed Terence
  1918 | D:2      | Killed Terence
  2314 | D:3      | Identified the +1 robe of Life {rN+}
  2455 | D:2      | Reached XP level 5. HP: 15/33 MP: 5/5
  2945 | D:4      | Reached XP level 6. HP: 29/38 MP: 6/6
  3055 | D:5      | Entered Level 5 of the Dungeon
  3066 | D:5      | Slain by an ogre

Illustrated notes

Levels and vault maps discovered:
D:1:      kilobyte_arrival_exit_the_forest, layout_loops_corners
D:2:      layout_loops_ring, serial_forest, infiniplex_forest_zigzag_1,
          infiniplex_forest_end_3, infiniplex_forest_lined_4_way,
          infiniplex_forest_corner_1, infiniplex_forest_clump_long,
          infiniplex_forest_corner_1, infiniplex_forest_end_double,
          infiniplex_forest_clump_curved, minmay_indecisive_spiral,
          uniq_crazy_yiuf_cottage, uniq_terence, uniq_jessica
D:3:      layout_basic
D:4:      layout_basic, uniq_grinder, uniq_duvessa
D:5:      layout_rooms, grunt_dithmenos_smoke_and_mirrors, enter_ossuary_5,
          kennysheep_generic_room_9

Skill      XL: |  1  2  3  4  5 |
---------------+----------------+-----
Fighting       | 4 |  4.2
Dodging        | 1 |  1.1
Maces & Flails | 3 4 |  4.2
Armour         | 4 |  4.6
Stealth        | |  0.2
Shields        | |  3.9

Action                     |  1- 3 |  4- 6 || total
---------------------------+-------+-------++-------
  Melee: Flail             |    75 |   181 ||   256
 Armour: Scale mail        |    52 |       ||    52
         Chain mail        |    11 |   183 ||   194
  Dodge: Dodged            |    36 |    94 ||   130
  Block: Buckler           |    28 |    47 ||    75

Table legend: (Time is in decaauts)
 A = Elapsed time spent in this place.
 B = Non-inter-level travel time spent in this place.
 C = Inter-level travel time spent in this place.
 D = Time resting spent in this place.
 E = Time spent auto-exploring this place.
 F = Levels seen in this place.
 G = Mean time per level.
                   A        B        C        D        E       F      G
               +--------+--------+--------+--------+--------+-----+--------+
         Total |   3140 |   2951 |    189 |     86 |   2234 |   5 |  628.0 |
       Dungeon |   3140 |   2951 |    189 |     86 |   2234 |   5 |  628.0 |
               +--------+--------+--------+--------+--------+-----+--------+

Top non-repeatable levels by time:
     D:2: 1331 daAuts
     D:1: 1101 daAuts
     D:3: 468 daAuts
     D:4: 227 daAuts
     D:5: 11 daAuts
